 Dungeon Sprint DCSS version 0.29-a0-384-g6960b1960d (webtiles) character file.

Game seed: 15765552280716665740

9319 mhtbhm the Bludgeoner (level 11, -10/113 HPs)
             Began as a Minotaur Fighter on May 7, 2022.
             Was an Initiate of Gozag.
             Mangled by a catoblepas (12 damage)
             ... while petrified by a catoblepas
             ... in the Dungeon (Sprint IX: "|||||||||||||||||||||||||||||").
             The game lasted 00:02:47 (2530 turns).

mhtbhm the Bludgeoner (Minotaur Fighter)            Turns: 2530, Time: 00:02:48

Health: -10/113    AC: 12    Str: 28    XL:     11   Next: 21%
Magic:  10/10      EV:  2    Int:  8    God:    Gozag
Gold:   3183       SH:  0    Dex: 10    Spells: 10/10 levels left

rFire   . . .      SeeInvis .   a - +0 flail
rCold   . . .      Faith    .   c - +0 buckler
rNeg    + + +      Spirit   .   b - +1 scale mail
rPois   ∞          Reflect  .   (helmet restricted)
rElec   .          Harm     .   (no cloak)
rCorr   .          Rampage  .   n - +0 pair of gloves
Will    .....      NoTele   +   (no boots)
Stlth   +.........              (no amulet)
HPRegen 0.28/turn               o - +3 ring of strength
MPRegen 0.12/turn               p - +3 ring of intelligence

@: petrified
A: horns 2, retaliatory headbutt
a: Renounce Religion, Potion Petition, Call Merchant, Bribe Branch


You were in the Dungeon.
You worshipped Gozag.
Gozag was most pleased with you.
You visited 1 branch You collected 3469 gold pieces.
You paid 286 gold pieces to Gozag.

Inventory:

Hand Weapons
 a - a +0 flail (weapon)
Armour
 b - a +1 scale mail (worn)
 c - a +0 buckler (worn)
 n - a +0 pair of gloves (worn)
Jewellery
 o - a +3 ring of strength (left hand)
 p - a +3 ring of intelligence (right hand)
Wands
 m - a wand of acid (4)
Scrolls
 j - 3 scrolls of blinking
 l - 2 scrolls of amnesia
 r - 2 scrolls of enchant weapon
 s - a scroll of identify
 t - a scroll of fog
Potions
 d - 2 potions of might
 e - a potion of invisibility
 f - 3 potions of heal wounds
 g - a potion of haste
 h - 4 potions of magic
 i - a potion of berserk rage
 k - 3 potions of curing
 q - a potion of mutation


   Skills:
 + Level 15.4 Fighting
 + Level 18.9 Maces & Flails
 + Level 15.6 Armour
 + Level 5.8 Dodging
 + Level 4.5 Stealth
 + Level 13.9 Shields
 + Level 3.4 Evocations


You had 10 spell levels left.
You didn't know any spells.
Your spell library was empty.

Dungeon Overview and Level Annotations

Branches:
Dungeon (1/1)

Altars:
Cheibriados
Dithmenos
Elyvilon
Fedhas
Gozag
Hepliaklqana
Kikubaaqudgha
Makhleb
Nemelex Xobeh
Okawaru
Qazlal
Ru
Sif Muna
Trog
Uskayaw
Vehumet
Wu Jian
Xom
Yredelemnul
Zin
The Shining One
Beogh
Jiyva
Lugonu


Innate Abilities, Weirdness & Mutations

You have a pair of horns on your head.
You reflexively headbutt those who attack you in melee.


Message History

The blast of calcifying dust hits you.
You have turned to stone.
You are engulfed in calcifying dust.
The catoblepas gores you!!
You are engulfed in calcifying dust.
The catoblepas gores you!!
The catoblepas gores you but does no damage.
The catoblepas gores you! The catoblepas gores you!! x2
The catoblepas gores you but does no damage.
The catoblepas breathes a plume of calcifying dust at you.
The blast of calcifying dust hits you.
The yak snorts and paws the ground.
You are engulfed in calcifying dust.
The catoblepas breathes a plume of calcifying dust at you.
The blast of calcifying dust hits you.
You turn to flesh and can move again.
You sock the catoblepas!
The catoblepas is heavily wounded.
You are engulfed in calcifying dust.
You are slowing down.
The catoblepas gores you.
You sock the catoblepas!
The catoblepas is severely wounded.
You are engulfed in calcifying dust.
The catoblepas gores you!!
* * * LOW HITPOINT WARNING * * *
Your limbs are stiffening.
Unknown command.
You barely miss the catoblepas.
The catoblepas is severely wounded.
You are engulfed in calcifying dust.
The catoblepas gores you!!
* * * LOW HITPOINT WARNING * * *
The catoblepas gores you!
* * * LOW HITPOINT WARNING * * *
You have turned to stone.
The catoblepas gores you but does no damage.
The catoblepas gores you!
* * * LOW HITPOINT WARNING * * *
The catoblepas breathes a plume of calcifying dust at you.
The blast of calcifying dust hits you.
You are engulfed in calcifying dust.
The catoblepas gores you!!
You die...
Your body crumbles into a pile of gold.

▓_▓.▓'▓
$
▓_▓.▓.▓
$
▓_▓.▓.▓
$
▓_▓.▓.▓
$
▓_▓.▓.▓
$
▓_▓.▓.▓
$
▓_▓.▓§▓
$
▓_▓.▓§▓
$
▓_▓.▓@▓
$
▓_▓.▓Y▓
▓'▓.▓Y▓
$
▓.▓.▓Y▓
$
▓.▓.▓Y▓
$
▓)▓.▓.▓
$
▓.▓.▓.▓
$
▓.▓.▓.▓
▓[▓.▓.▓
$


You could see a catoblepas and 3 yaks.

Vanquished Creatures
  A catoblepas (D)
  A hydra (D)
  3 two-headed ogres (D)
  3 death yaks (D)
  A cyclops (D)
  A black mamba (D)
  A cane toad (D)
  A tengu conjurer (D)
  4 komodo dragons (D)
  A polar bear (D)
  2 trolls (D)
  A hornet (D)
  A wyvern (D)
  A yak (D)
  2 vampire mosquitoes (D)
  3 water moccasins (D)
  A black bear (D)
  A wolf (D)
  A centaur (D)
  4 bullfrogs (D)
  A scorpion (D)
  A jelly (D)
  An adder (D)
  A dart slug (D)
  A ball python (D)
  A jackal (D)
  A bat (D)
  A frilled lizard (D)
  A kobold (D)
43 creatures vanquished.

Vanquished Creatures (others)
  A gargoyle (D)
1 creature vanquished.

Grand Total: 44 creatures vanquished

Notes
Turn   | Place    | Note
-------+----------+-------------------------------------------
     0 | D        | mhtbhm the Minotaur Fighter began the quest for the Orb.
     0 | D        | Reached XP level 1. HP: 19/19 MP: 0/0
    15 | D        | Noticed a scorpion
    15 | D        | Noticed a centaur
    15 | D        | Noticed a jelly
    23 | D        | Reached skill level 3 in Maces & Flails
    23 | D        | Reached XP level 2. HP: 28/28 MP: 1/1
    31 | D        | Killed a scorpion
    32 | D        | Reached skill level 5 in Fighting
    32 | D        | Reached skill level 5 in Maces & Flails
    32 | D        | Reached XP level 3. HP: 24/37 MP: 2/2
    32 | D        | Reached XP level 4. HP: 29/44 MP: 3/3
    36 | D        | Killed a centaur
    37 | D        | Reached skill level 6 in Maces & Flails
    37 | D        | Reached skill level 1 in Dodging
    37 | D        | Reached XP level 5. HP: 23/51 MP: 4/4
    41 | D        | Reached skill level 7 in Maces & Flails
    46 | D        | Found a snail-covered altar of Cheibriados.
    46 | D        | Found a shadowy altar of Dithmenos.
    46 | D        | Found a white marble altar of Elyvilon.
    46 | D        | Found a blossoming altar of Fedhas.
    46 | D        | Found an opulent altar of Gozag.
    47 | D        | Found a hazy altar of Hepliaklqana.
    48 | D        | Found a viscous altar of Jiyva.
    49 | D        | Found an ancient bone altar of Kikubaaqudgha.
    50 | D        | Found a corrupted altar of Lugonu.
    51 | D        | Found a burning altar of Makhleb.
    52 | D        | Found a sparkling altar of Nemelex Xobeh.
    53 | D        | Found an iron altar of Okawaru.
    54 | D        | Found a stormy altar of Qazlal.
    55 | D        | Found a sacrificial altar of Ru.
    56 | D        | Found a shimmering blue altar of Sif Muna.
    57 | D        | Found a bloodstained altar of Trog.
    58 | D        | Found a hide-covered altar of Uskayaw.
    59 | D        | Found a radiant altar of Vehumet.
    66 | D        | Became a worshipper of Gozag Ym Sagoz the Greedy
    75 | D        | Found an ornate altar of the Wu Jian Council.
    76 | D        | Found a shimmering altar of Xom.
    77 | D        | Found a basalt altar of Yredelemnul.
    78 | D        | Found a glowing silver altar of Zin.
    79 | D        | Found a glowing golden altar of the Shining One.
   324 | D        | Noticed a two-headed ogre
   324 | D        | Noticed a yak
   324 | D        | Noticed a hornet
   324 | D        | Noticed a troll
   324 | D        | Noticed a vampire mosquito
   324 | D        | Noticed a troll
   332 | D        | Killed a two-headed ogre
   333 | D        | Reached skill level 11 in Maces & Flails
   333 | D        | Reached skill level 10 in Armour
   333 | D        | Reached XP level 6. HP: 66/66 MP: 5/5
   333 | D        | Reached XP level 7. HP: 71/71 MP: 6/6
   334 | D        | Killed a yak
   335 | D        | Reached skill level 10 in Fighting
   335 | D        | Reached skill level 10 in Shields
   339 | D        | Killed a hornet
   340 | D        | Reached skill level 12 in Maces & Flails
   340 | D        | Reached XP level 8. HP: 80/80 MP: 7/7
   342 | D        | Killed a troll
   344 | D        | Reached skill level 13 in Maces & Flails
   348 | D        | Killed a troll
   455 | D        | Noticed a gargoyle
   455 | D        | Noticed a tengu conjurer
   455 | D        | Noticed a two-headed ogre
   455 | D        | Noticed a two-headed ogre
   455 | D        | Noticed a cyclops
   459 | D        | Killed a gargoyle
   460 | D        | Reached skill level 14 in Maces & Flails
   460 | D        | Killed a tengu conjurer
   460 | D        | Killed a two-headed ogre
   461 | D        | Reached skill level 15 in Maces & Flails
   461 | D        | Reached skill level 1 in Evocations
   461 | D        | Reached XP level 9. HP: 49/91 MP: 8/8
   464 | D        | Killed a two-headed ogre
   465 | D        | Reached skill level 16 in Maces & Flails
   471 | D        | Killed a cyclops
   834 | D        | Noticed a komodo dragon
   834 | D        | Noticed a cane toad
   834 | D        | Noticed a komodo dragon
   838 | D        | Reached XP level 10. HP: 96/101 MP: 9/9
   847 | D        | Reached skill level 17 in Maces & Flails
   853 | D        | Killed a cane toad
  1397 | D        | Noticed a five-headed hydra
  1400 | D        | Reached skill level 18 in Maces & Flails
  1405 | D        | Noticed a black mamba
  1738 | D        | Killed a five-headed hydra
  1755 | D        | Reached skill level 1 in Stealth
  1759 | D        | Killed a black mamba
  1760 | D        | Reached skill level 15 in Armour
  2050 | D        | Noticed a death yak
  2050 | D        | Noticed a death yak
  2050 | D        | Noticed a catoblepas
  2053 | D        | Noticed a death yak
  2062 | D        | Killed a death yak
  2063 | D        | Reached skill level 5 in Dodging
  2074 | D        | Noticed a catoblepas
  2206 | D        | Killed a death yak
  2207 | D        | Reached skill level 15 in Fighting
  2207 | D        | Reached XP level 11. HP: 72/112 MP: 10/10
  2220 | D        | Killed a catoblepas
  2229 | D        | Killed a death yak
  2526 | D        | HP: 5/113 [catoblepas (8)]
  2528 | D        | HP: 1/113 [catoblepas (4)]
  2530 | D        | Mangled by a catoblepas

Illustrated notes

Levels and vault maps discovered:
D:        linesprint [early_d, line_temple, items_1, d_10, items_2, lair_1,
          lair_end, items_3, orc_1, orc_end, items_4, d_15, swamp_1, shoals_1,
          snake_1, spider_1, d_20, vaults_1, items_5, swamp_end, shoals_end,
          snake_end, spider_end, vaults_end, d_27, items_6, zot_1, zot_end,
          crypt_end, forest_end, elf_end, slime_end, tomb_end, abyss_end,
          pan_hell_end]

Skill      XL: |  1  2  3  4  5  6  7  8  9 10 11 |
---------------+----------------------------------+-----
Fighting       | 4 5 6 9 10 12 13 15 | 15.4
Armour         | 4 6 7 10 11 13 15 | 15.6
Shields        | 4 6 7 9 10 11 12 13 | 13.9
Maces & Flails | 3 5 6 11 12 15 16 18 | 18.9
Dodging        | 1 2 5 |  5.8
Evocations     | 1 2 3 |  3.4
Stealth        | 2 4 |  4.5

Action                   |  1- 3 |  4- 6 |  7- 9 | 10-12 || total
-------------------------+-------+-------+-------+-------++-------
Melee: Flail             |    20 |    15 |    25 |   142 ||   202
       Headbutt          |     3 |     2 |     3 |    35 ||    43
Invok: Potion Petition   |       |       |       |     1 ||     1
Evoke: Wand              |       |       |     6 |       ||     6
  Use: Potion            |     1 |     1 |       |     4 ||     6
       Scroll            |       |       |       |     1 ||     1
 Stab: Petrified         |       |       |       |    10 ||    10
       Distracted        |       |       |       |     1 ||     1
Armor: Scale mail        |     7 |     4 |     3 |    40 ||    54
Dodge: Dodged            |     7 |    10 |     8 |    42 ||    67
Block: Buckler           |     5 |     4 |     6 |    32 ||    47

Table legend: (Time is in decaauts)
 A = Elapsed time spent in this place.
 B = Non-inter-level travel time spent in this place.
 C = Inter-level travel time spent in this place.
 D = Time resting spent in this place.
 E = Time spent auto-exploring this place.
 F = Levels seen in this place.
 G = Mean time per level.
                   A        B        C        D        E       F      G
               +--------+--------+--------+--------+--------+-----+--------+
         Total |   2511 |   2511 |      0 |   1721 |    319 |   1 | 2511.0 |
       Dungeon |   2511 |   2511 |      0 |   1721 |    319 |   1 | 2511.0 |
               +--------+--------+--------+--------+--------+-----+--------+

Top non-repeatable levels by time:
       D: 2511 daAuts
